 Dungeon Crawl Stone Soup version 0.24.0-123-gd5b16e6ec5 (webtiles) character file.

Game seed: 7509275253758073398, levelgen mode: deterministic

2794 Amplified the Warrior (level 9, -3/118 HPs)
             Began as an Ogre Gladiator on Jan 26, 2020.
             Was a Follower of Makhleb.
             Slain by a wolf spider zombie (10 damage)
             ... on level 8 of the Dungeon.
             The game lasted 00:11:54 (5801 turns).

Amplified the Warrior (Ogre Gladiator)              Turns: 5801, Time: 00:11:54

Health: -3/118     AC:  9    Str: 20    XL:     9   Next: 71%
Magic:  0/9        EV: 12    Int:  9    God:    Makhleb [*.....]
Gold:   191        SH:  0    Dex: 13    Spells: 8/8 levels left

rFire    . . .     SeeInvis .   j - +1 falchion (holy)
rCold    . . .     Gourm    .   (no shield)
rNeg     . . .     Faith    .   p - +1 robe of the Prince {rElec MR+ Regen+}
rPois    .         Spirit   +   c - +2 hat
rElec    +         Reflect  .   n - +2 cloak {MR+}
rCorr    .         Harm     .   (gloves unavailable)
MR       ++...                  (boots unavailable)
Stlth    ++........             i - amulet of guardian spirit
HPRegen  0.69/turn              (no ring)
MPRegen  0.11/turn              (no ring)

@: lightly drained
A: large, unfitting armour, tough skin 1
a: Renounce Religion


You were on level 8 of the Dungeon.
You worshipped Makhleb.
Makhleb was aware of your devotion.
You were not hungry.

You visited 2 branches of the dungeon, and saw 9 of its levels.

You collected 371 gold pieces.
You spent 180 gold pieces at shops.

Inventory:

Hand Weapons
 e - a +4 dagger of venom
 g - a +4 long sword
 j - a +1 falchion of holy wrath (weapon)
 m - a +2 short sword of protection
Missiles
 h - 44 poisoned darts (quivered)
Armour
 c - a +2 hat (worn)
 k - a +2 robe of magic resistance
 n - a +2 cloak of magic resistance (worn)
 p - the +1 robe of the Prince (worn) {rElec MR+ Regen+}
   (You bought it in a shop on level 4 of the Dungeon)

   It insulates you from electricity.
   It affects your resistance to hostile enchantments.
   It increases your rate of regeneration.
Jewellery
 i - an amulet of guardian spirit (around neck)
Scrolls
 b - a scroll of identify
 d - 2 scrolls of fog
 l - a scroll of remove curse
Potions
 s - 3 potions of flight
 u - a potion of mutation
Comestibles
 f - 7 rations


   Skills:
 * Level 16.0(15.2) Fighting
 * Level 4.0(3.5) Short Blades
   Level 3.3(2.7) Staves
 - Level 2.0(1.5) Throwing
 + Level 5.2(4.7) Dodging
 * Level 3.5(3.0) Stealth


You had 8 spell levels left.
You didn't know any spells.
Your spell library contained the following spells:

 Spells                   Type           Power        Failure   Level  Hunger
 Summon Small Mammal      Summ           #...         38%         1    ##.....
 Call Imp                 Summ           #.......     52%         2    ###....
 Call Canine Familiar     Summ           #.......     77%         3    ####...
 Summon Guardian Golem    Hex/Summ       #.......     77%         3    ####...
 Summon Ice Beast         Ice/Summ       #.......     99%         4    #####..
 Summon Lightning Spire   Summ/Air       #.......     99%         4    #####..


Dungeon Overview and Level Annotations

Branches:
Dungeon (8/15)             Temple (1/1) D:5
   Lair: D:8-11

Altars:
Ashenzari
Cheibriados
Dithmenos
Elyvilon
Fedhas
Hepliaklqana
Makhleb
Nemelex Xobeh
Okawaru
Qazlal
Ru
Sif Muna
Trog
Uskayaw
Vehumet
Wu Jian
Xom
Zin
The Shining One

Shops:
D:4 *

Annotations:
D:7 2 transporters, Britaniac's ghost, novice GnWz


Innate Abilities, Weirdness & Mutations

You are too large for most types of armour.
You have tough skin. (AC +1)


Message History

* * * LOW HITPOINT WARNING * * *
Unknown command.
Unknown command.
Unknown command.
Okay, then.
You barely miss something. Something hits you.
* * * LOW HITPOINT WARNING * * *
Something bites you.
* * * LOW HITPOINT WARNING * * *
Something barely misses you. Something bites you but does no damage.
Something hits you but does no damage. Something bites you but does no damage.
Unknown command.
Unknown command.
Unknown command.
Unknown command.
Unknown command.
You hit something. Something hits you!
* * * LOW HITPOINT WARNING * * *
Something bites you!
You die...

#########.### #.# # # #
###.#..###.# #)# #
#..###..##.####### ##.####
#.#.#..#.#........ #...(..
######H#.........######
##.###.##
.Z5....##.#.#.#.#########.#
##.#
##########...##...........#
#.# ##.#############.##
##.#
#...H{@..........###.##
#################....#
##.#.# #.#.## #..#.# #.###.
##.#.# ##... ####


You could see a hippogriff.

Vanquished Creatures
  A centaur zombie (D:8)
  A centaur skeleton (D:8)
  Prince Ribbit (D:6)
  A hungry ghost (D:6)
  A water moccasin (D:6)
  Duvessa (D:7)
  2 ice beasts
  2 ogres
  An eye of draining (D:3)
  A bullfrog (D:7)
  Dowan (D:7)
  A scorpion (D:6)
  2 wights (D:8)
  3 howler monkeys (D:7)
  A crimson imp (D:7)
  An orc wizard (D:4)
  Crazy Yiuf (D:7)
  An orc priest (D:4)
  2 hounds (D:7)
  A bullfrog skeleton (D:4)
  Jessica (D:2)
  An iguana (D:6)
  Ijyb (D:5)
  5 worker ants
  A hound zombie (D:7)
  3 gnolls (D:7)
  13 adders
  2 shadow imps (D:6)
  An ooze (D:4)
  2 adder zombies
  2 adder skeletons
  2 worms
  A dart slug (D:1)
  7 leopard geckos
  7 orcs
  11 giant cockroaches
  13 goblins
  9 hobgoblins
  9 jackals
  10 kobolds
  4 quokkas
  A ball python (D:4)
  7 bats
  7 frilled lizards
  8 rats
154 creatures vanquished.

Vanquished Creatures (others)
  6 plants (D:7)
6 creatures vanquished.

Grand Total: 160 creatures vanquished

Notes
Turn   | Place    | Note
-------+----------+-------------------------------------------
     0 | D:1      | Amplified the Ogre Gladiator began the quest for the Orb.
     0 | D:1      | Reached XP level 1. HP: 22/22 MP: 1/1
   191 | D:1      | Reached skill level 3 in Fighting
   195 | D:1      | Reached XP level 2. HP: 26/31 MP: 2/2
   444 | D:1      | Found a snail-covered altar of Cheibriados.
   450 | D:1      | Reached XP level 3. HP: 34/37 MP: 3/3
   891 | D:2      | Reached skill level 1 in Short Blades
   891 | D:2      | Reached XP level 4. HP: 41/48 MP: 2/4
   934 | D:2      | Found a glowing silver altar of Zin.
  1101 | D:2      | Reached skill level 4 in Fighting
  1112 | D:2      | Noticed Jessica
  1123 | D:2      | Killed Jessica
  1214 | D:2      | Reached XP level 5. HP: 54/54 MP: 5/5
  1644 | D:3      | Noticed an eye of draining
  1645 | D:3      | Found a bloodstained altar of Trog.
  1652 | D:3      | Reached skill level 15 in Fighting
  1652 | D:3      | Reached XP level 6. HP: 91/91 MP: 0/6
  1672 | D:3      | Killed an eye of draining
  1672 | D:3      | Reached skill level 1 in Stealth
  2665 | D:4      | Found Funwisin's Assorted Antiques.
  2683 | D:4      | Bought a silken robe for 108 gold pieces
  2683 | D:4      | Bought a scroll labeled AHEFUR VOSAT for 19 gold pieces
  2683 | D:4      | Bought a scroll labeled VOSUOH EGITH for 19 gold pieces
  2683 | D:4      | Bought a blue potion for 17 gold pieces
  2683 | D:4      | Bought a puce potion for 17 gold pieces
  2695 | D:4      | Identified the +1 robe of the Prince {rElec MR+ Regen+}
                  | (You bought it in a shop on level 4 of the Dungeon)
  2759 | D:4      | Reached XP level 7. HP: 98/98 MP: 7/7
  3245 | D:5      | Entered Level 5 of the Dungeon
  3459 | D:5      | Noticed Ijyb
  3460 | D:5      | Found a staircase to the Ecumenical Temple.
  3479 | D:5      | Killed Ijyb
  3535 | D:5      | Found a snail-covered altar of Cheibriados.
  3535 | D:5      | Found a shimmering blue altar of Sif Muna.
  3728 | Temple   | Entered the Ecumenical Temple
  3834 | Temple   | Became a worshipper of Makhleb the Destroyer
  3904 | D:6      | Reached XP level 8. HP: 107/107 MP: 8/8
  4355 | D:6      | Found a bloodstained altar of Trog.
  4631 | D:7      | Noticed Prince Ribbit
  4655 | D:6      | Killed Prince Ribbit
  4759 | D:7      | Reached * piety under Makhleb
  4806 | D:7      | Noticed Dowan
  4806 | D:7      | Noticed Duvessa
  4817 | D:7      | Killed Duvessa
  4847 | D:7      | Killed Dowan
  4865 | D:7      | Found a radiant altar of Vehumet.
  4865 | D:7      | Found an ornate altar of the Wu Jian Council.
  4893 | D:7      | Reached XP level 9. HP: 111/118 MP: 9/9
  4927 | D:7      | Reached skill level 5 in Dodging
  4986 | D:7      | Found a transporter.
  5108 | D:7      | Found a transporter.
  5239 | D:7      | Found a runed translucent door.
  5240 | D:7      | Noticed Crazy Yiuf
  5266 | D:7      | Noticed Britaniac's ghost (novice GnWz)
  5407 | D:7      | Killed Crazy Yiuf
  5695 | D:8      | Reached skill level 16 in Fighting
  5751 | D:8      | Noticed a hellwing
  5801 | D:8      | Slain by a wolf spider zombie

Levels and vault maps discovered:
D:1:      grunt_arrival_crossed_arrows, layout_loops_cross, cheibriados_altar_1
D:2:      layout_loops_ring, lemuel_coloured_pillars_altar, uniq_jessica
D:3:      layout_basic, trog_eyes_of_draining
D:4:      layout_rooms, first_ration, serial_shops, shop
D:5:      layout_rooms, gammafunk_temple_overflow_wave,
          minmay_temple_entry_mist, uniq_ijyb
D:6:      layout_loops_ring, trog_hazing_becter
D:7:      layout_rooms, grunt_temple_overflow_open,
          gammafunk_ghost_gnarly_gnolls, uniq_crazy_yiuf_cottage, uniq_duvessa,
          uniq_prince_ribbit1
D:8:      cheibrodos_grave_circle, layout_loops_ring,
          gammafunk_temple_of_torment
Temple:   dshaligram_water_room_temple

Skill      XL: |  1  2  3  4  5  6  7  8  9 |
---------------+----------------------------+-----
Fighting       | 3 4 15 16 | 16.0
Dodging        | 3 4 5 |  5.2
Short Blades   | 1 2 3 4 |  4.0
Stealth        | 1 2 3 |  3.5
Staves         | |  3.3
Throwing       | |  2.0

Action                   |  1- 3 |  4- 6 |  7- 9 || total
-------------------------+-------+-------+-------++-------
Melee: Quarterstaff      |    25 |       |       ||    25
       Dagger            |    66 |   174 |   396 ||   636
       Falchion          |       |       |     3 ||     3
Throw: Throwing net      |     1 |     5 |     1 ||     7
       Dart              |       |       |     9 ||     9
Evoke: Wand              |       |       |    13 ||    13
  Use: Scroll            |       |     6 |    10 ||    16
       Potion            |       |     1 |     5 ||     6
 Stab: Sleeping          |       |     5 |     3 ||     8
       Held in net/web   |       |     1 |       ||     1
       Invisible         |       |       |     1 ||     1
  Eat: Chunk             |       |     6 |    12 ||    18
       Ration            |       |       |     2 ||     2
Armor: Robe              |    26 |    45 |    84 ||   155
       Skin              |       |       |    11 ||    11
Dodge: Dodged            |    53 |    84 |   200 ||   337
